Map: Jagannatha LE

Players

Has

  • Race: Protoss Protoss

Nice - Winner!

  • Race: Protoss Protoss
  • League: Grandmaster

Event: DreamHack SC2 Masters 2021 Summer

VOD

Have the link to the VOD?

Description

Time

  • Played on: May 22, 2021, 9:31 a.m.
  • Length: 6:03

All games in this series

Show
View Real Time Build Order
Export as new Build Order

Has Protoss 

Build Orders:  

Get SALT Encoding   

  12  0:00  Probe  
  13  0:12  Probe (Chrono Boost)  
  14  0:16  Pylon  
  14  0:24  Probe (Chrono Boost)  
  15  0:33  Probe  
  16  0:39  Forge  
  16  1:00  Pylon  
  16  1:01  Probe (Chrono Boost)  
  16  1:04  Pylon  
  18  1:13  Probe (Chrono Boost)  
  18  1:18  Probe (Chrono Boost)  
  18  1:20  Pylon  
  18  1:24  Photon Cannon  
  18  1:28  Pylon  
  18  1:30  Probe  
  19  1:34  Pylon  
  19  1:40  Gateway  
  19  1:42  Probe  
  20  1:53  Assimilator  
  20  1:54  Probe  
  20  1:56  Assimilator  
  21  2:01  Gateway  
  21  2:06  Probe  
  22  2:10  Pylon  
  21  2:23  Probe  
  21  2:28  Cybernetics Core  
  21  2:35  Probe  
  22  2:47  Probe  
  23  2:55  Pylon  
  23  3:02  Stalker (Chrono Boost), Warp Gate (Chrono Boost)  
  28  3:07  Shield Battery  
  28  3:11  Stalker (Chrono Boost)  
  27  3:14  Probe  
  28  3:20  Robotics Facility  
  28  3:26  Probe  
  24  3:38  Probe  
  24  3:48  Gateway  
  25  3:58  Stalker  
  25  4:01  Stalker  
  28  4:15  Warp Prism (Chrono Boost)  
  30  4:42  Stalker x2  
  30  4:44  Stalker  
  36  4:57  Pylon  
  36  5:21  Stalker  
  36  5:22  Stalker x2  
Show
View Real Time Build Order
Export as new Build Order

Nice Protoss - Winner!

Build Orders:  

Get SALT Encoding   

  12  0:00  Probe  
  13  0:12  Probe  
  14  0:18  Pylon  
  14  0:24  Probe  
  15  0:36  Probe (Chrono Boost)  
  15  0:37  Gateway  
  16  0:47  Probe (Chrono Boost), Assimilator  
  17  0:52  Assimilator  
  17  0:53  Probe (Chrono Boost)  
  18  1:04  Probe  
  19  1:17  Probe, Pylon  
  19  1:18  Pylon  
  20  1:24  Zealot (Chrono Boost)  
  22  1:48  Probe  
  22  1:50  Cybernetics Core  
  23  2:01  Pylon  
  23  2:19  Probe  
  24  2:24  Adept (Chrono Boost)  
  26  2:35  Nexus  
  26  2:39  Probe  
  26  2:42  Warp Gate (Chrono Boost)  
  27  2:49  Pylon  
  27  2:55  Probe  
  30  3:04  Stalker (Chrono Boost)  
  30  3:07  Probe  
  31  3:19  Probe  
  32  3:25  Stalker (Chrono Boost)  
  32  3:31  Probe  
  31  3:41  Stargate  
  31  3:43  Probe  
  31  3:48  Probe  
  33  3:49  Forge  
  33  3:51  Shield Battery  
  33  3:55  Probe  
  33  3:59  Stalker  
  35  4:07  Probe  
  35  4:09  Pylon  
  36  4:13  Probe  
  36  4:20  Probe  
  36  4:22  Oracle (Chrono Boost)  
  37  4:27  Photon Cannon  
  40  4:34  Probe x2  
  42  4:39  Stalker  
  42  4:43  Void Ray (Chrono Boost)  
  44  4:49  Probe  
  44  4:52  Probe  
  50  4:55  Pylon  
  50  5:00  Shield Battery  
  50  5:07  Shield Battery  
  50  5:08  Sentry  
  50  5:11  Photon Cannon  
  52  5:20  Void Ray  
  52  5:22  Pylon  
  56  5:31  Photon Cannon  
  56  5:39  Pylon  
  56  5:40  Shield Battery  
  56  5:44  Shield Battery  
Tags
 
Add a new tag
Caveats
  • Supply blocks, unpowered buildings, or Contaminate may cause inaccurate times.
  • Supply counts are checked every 10 seconds.